 Dungeon Sprint DCSS version 0.31-a0-841-g038b102fc3 (webtiles) character file.

Game seed: 16670514402973835075

10 sircluck the Ruffian (level 2, -2/46 HPs)
             Began as a Troll Berserker on Sept 27, 2023.
             Was a Follower of Trog.
             Slain by a gnoll
             ... wielding a +0 spear
             ... led by a gnoll sergeant
              (9 damage)
             ... in the Dungeon (Sprint VII: "The Pits").
             The game lasted 00:00:05 (29 turns).

sircluck the Ruffian (Troll Berserker)                Turns: 29, Time: 00:00:06

Health: -2/46      AC:  4    Str: 24    XL:     2   Next: 10%
Magic:  1/1        EV: 10    Int:  3    God:    Trog [*.....]
Gold:   0          SH:  0    Dex:  9    Spells: 1/1 levels left

rFire   . .          .
                       - Unarmed
rCold   . . .        (no shield)
rNeg    . . .        a - +0 animal skin
rPois   .            (helmet restricted)
rElec   .            (no cloak)
rCorr   .            (gloves unavailable)
SInv    .            (boots unavailable)
Will    .....        (no amulet) Stlth
                     (no ring)
HPRegen 1.07/turn    (no ring)
MPRegen 0.07/turn

%: no teleportation
@: berserking, very quick
A: large, unfitting armour, claws 3, regeneration 1, shaggy fur 1, tough skin 1
a: Renounce Religion, Berserk


You were in the Dungeon.
You worshipped Trog.
Trog was aware of your devotion.
You visited 1 branch

Inventory:

Armour
 a - a +0 animal skin (worn)
Scrolls
 g - a scroll of blinking
Potions
 b - a potion of curing
 c - a potion of heal wounds
 d - a potion of haste
 e - 2 potions of magic
 f - a potion of berserk rage


   Skills:
 + Level 3.2 Fighting
 + Level 3.1 Dodging
 + Level 3.8 Unarmed Combat


You had one spell level left.
You didn't know any spells.
Your spell library was empty.

Dungeon Overview and Level Annotations

Branches:
Dungeon (1/1)

Altars:


Innate Abilities, Weirdness & Mutations

You are too large for most types of armour.
You have claws for hands.
Your natural rate of healing is unusually fast.
You are covered in fur. (AC +1)
You have tough skin. (AC +1)


Message History

The gnoll hits you from afar with a +0 spear.
A red film seems to cover your vision as you go berserk!
You feel yourself moving faster!
You feel mighty!
The gnoll shouts!
The gnoll hits you from afar with a +0 spear!
The gnoll hits you from afar with a +0 spear.
You feel a strong urge to attack something.
There is an open gate here.
You claw the gnoll!
The gnoll is heavily wounded.
The gnoll misses you.
The gnoll hits you but does no damage. x2
You claw the gnoll!
You kill the gnoll!
Trog accepts your kill.
Your Fighting skill increases to level 3!
Your Dodging skill increases to level 3!
You have reached level 2!
Unknown command.
Unknown command.
Unknown command.
Unknown command.
You claw the lindwurm!
The lindwurm is moderately wounded.
The gnoll closely misses you. The gnoll hits you with a +0 spear.
The gnoll hits you but does no damage. x2
You claw the lindwurm!
The lindwurm is heavily wounded.
You claw the lindwurm!
The lindwurm is almost dead.
The gnoll hits you from afar with a +0 spear.
The kobold demonologist hits you with a +0 dagger.
The gnoll hits you with a +0 spear. The lindwurm bites you.
* * * LOW HITPOINT WARNING * * *
The lindwurm barely misses you.
The lindwurm claws you but does no damage.
The gnoll sergeant closely misses you.
The gnoll hits you from afar with a +0 spear.
* * * LOW HITPOINT WARNING * * *
The gnoll hits you from afar with a +0 spear!
You die...

#................#
####'#####''######
#.......##''#
#.......##..#
#.......##..#
#...<...##..####
#.......##..#..###
#.......##..#gg..##
#.......##..@kg...#
##########..)Kg...+
#..'.g...#
#..#....##
#..#..### #..####
#..# #..#


You could see a lindwurm, a kobold demonologist, a gnoll sergeant and 4 gnolls.

Vanquished Creatures
  A gnoll (D)
1 creature vanquished.

Notes
Turn   | Place    | Note
-------+----------+-------------------------------------------
     0 | D        | sircluck the Troll Berserker began the quest for the Orb.
     0 | D        | Reached XP level 1. HP: 22/22 MP: 0/0
    21 | D        | Noticed a lindwurm
    21 | D        | Noticed a gnoll sergeant
    21 | D        | Noticed a kobold demonologist
    27 | D        | Reached XP level 2. HP: 26/31 MP: 1/1
    29 | D        | Slain by a gnoll

Illustrated notes

Levels and vault maps discovered:
D:        pitsprint [storerooms_1, entrance_room_1, metal_vault_1, armoury_1,
          mini_pit_1, grid_room_1, main_hall_1, silver_pit, the_coven_1,
          the_vestibule_1, steel_vault_4, golden_pit, hallway_of_sentries,
          crystal_vault_1, iron_vault_1, final_vault]

Skill      XL: |  1 |
---------------+----+-----
Fighting       | 3 |  3.2
Dodging        | 3 |  3.1
Unarmed Combat | |  3.8

Action                     || total
---------------------------++-------
  Melee: Unarmed           ||     5
 Invoke: Berserk           ||     1
 Armour: Animal skin       ||    15
  Dodge: Dodged            ||     4

Table legend: (Time is in decaauts)
 A = Elapsed time spent in this place.
 B = Non-inter-level travel time spent in this place.
 C = Inter-level travel time spent in this place.
 D = Time resting spent in this place.
 E = Time spent auto-exploring this place.
 F = Levels seen in this place.
 G = Mean time per level.
                   A        B        C        D        E       F      G
               +--------+--------+--------+--------+--------+-----+--------+
         Total |     26 |     26 |      0 |      0 |     21 |   1 |   26.0 |
       Dungeon |     26 |     26 |      0 |      0 |     21 |   1 |   26.0 |
               +--------+--------+--------+--------+--------+-----+--------+

Top non-repeatable levels by time:
       D: 26 daAuts
